Map: Deathaura LE

Players

Osiris

  • Race: Terran Terran
  • League: Diamond
  • Spawn Location: 5:00

EXTERMINADOR - Winner!

  • Race: Terran Terran
  • League: Diamond
  • Spawn Location: 11:00

VOD

Have the link to the VOD?

Description

Time

  • Played on: Feb. 4, 2021, 3:50 a.m.
  • Length: 2:33
Show
View Real Time Build Order
Export as new Build Order

Osiris Terran 

Build Orders:  

Get SALT Encoding   

  12  0:00  SCV  
  13  0:13  SCV  
  14  0:19  Supply Depot  
  14  0:25  SCV  
  15  0:41  SCV  
  16  0:42  Barracks  
  16  0:46  Refinery  
  16  0:53  SCV  
  16  0:56  Refinery  
  17  1:05  SCV  
  18  1:17  SCV  
  19  1:34  Reaper, Orbital Command  
  20  1:43  Factory  
  20  1:52  Supply Depot  
  20  2:00  SCV  
Show
View Real Time Build Order
Export as new Build Order

EXTERMINADOR Terran - Winner!

Build Orders:  

Get SALT Encoding   

  12  0:01  SCV  
  13  0:14  SCV  
  14  0:19  Supply Depot  
  14  0:26  SCV  
  15  0:41  Barracks  
  15  0:46  Refinery  
  15  0:59  Barracks  
  15  1:05  Refinery  
  15  1:07  SCV  
  16  1:19  SCV  
  17  1:29  Reaper  
  17  1:32  SCV  
  19  1:36  Supply Depot  
  19  1:46  Reaper  
  20  1:53  SCV  
  22  2:01  Reaper  
  23  2:27  Factory  
Tags
 
Matchup
TvT
Race
Terran
Spawn Locations
Cross Positions
Add a new tag
Caveats
  • Supply blocks, unpowered buildings, or Contaminate may cause inaccurate times.
  • Supply counts are checked every 10 seconds.